 Dungeon Crawl Stone Soup version 0.20-a0-700-gbd4582c (webtiles) character file.

1640 FencedIn the Grappler (level 8, 0/56 HPs)
             Began as a Demonspawn Gladiator on Feb 21, 2017.
             Was a Follower of Uskayaw.
             Slain by a sky beast (5 damage)
             ... on level 5 of the Dungeon.
             The game lasted 00:18:20 (5452 turns).

FencedIn the Grappler (Demonspawn Gladiator)        Turns: 5452, Time: 00:18:25

Health: 0/56       AC: 10    Str: 16      XL:     8   Next: 66%
Magic:  9/13       EV: 10    Int: 10      God:    Uskayaw [*.....]
Gold:   271        SH:  0    Dex: 15 (18) Spells: 7/7 levels left

rFire    . . .     SeeInvis .     - Unarmed
rCold    . . .     Gourm    .   q - +0 scale mail
rNeg     . . .     Faith    .   (no shield)
rPois    .         Spirit   .   c - +0 helmet
rElec    .         Reflect  .   (no cloak)
rCorr    .         Harm     .   (no gloves)
MR       .....                  (no boots)
Stlth    ..........             (no amulet)
Regen    0.2/turn               (no ring)
MPRegen  0.2/turn               m - +3 ring of dexterity

@: no status effects
A: claws 1, slimy green scales 2, powered by pain 1
a: Stomp, Renounce Religion


You were on level 5 of the Dungeon.
You worshipped Uskayaw.
Uskayaw was noncommittal.
You were not hungry.

You visited 1 branch of the dungeon, and saw 5 of its levels.
You also visited: Ossuary.

You collected 271 gold pieces.

Inventory:

Hand Weapons
 a - a +0 war axe
Missiles
 d - 2 throwing nets
 r - 9 javelins
 v - 10 tomahawks (quivered)
Armour
 b - a +0 leather armour
 c - a +0 helmet (worn)
 q - a +0 scale mail (worn)
Jewellery
 m - a +3 ring of dexterity (left claw)
Scrolls
 e - 3 scrolls of remove curse
 g - 5 scrolls of identify
 h - a scroll of amnesia {unknown}
 k - 6 scrolls of fog {unknown}
 l - 5 scrolls of teleportation
 n - a scroll of fear {unknown}
 o - 2 scrolls of recharging {unknown}
 p - a scroll of magic mapping {unknown}
 t - a scroll of noise {unknown}
 y - a scroll of torment {unknown}
 A - a scroll of immolation {unknown}
Potions
 j - a potion of resistance
 s - 3 potions of flight
 u - 2 potions of agility
 w - 2 potions of cancellation
 x - a potion of invisibility
 z - a potion of haste
 B - 2 potions of magic
 C - a potion of ambrosia {unknown}
 D - a potion of brilliance
Comestibles
 f - 2 bread rations
 i - 3 chunks of flesh
 E - 4 fruits


   Skills:
 - Level 2.0 Fighting
 - Level 3.5 Axes
 - Level 2.1 Throwing
 - Level 2.6 Dodging
 + Level 8.2 Unarmed Combat
 + Level 7.2 Invocations


You had 7 spell levels left.
You didn't know any spells.

Dungeon Overview and Level Annotations

Branches:
Dungeon (5/15)             Temple (0/1) D:4

Altars:
Cheibriados
Dithmenos
Hepliaklqana
Nemelex Xobeh
Uskayaw
Vehumet
The Shining One


Innate Abilities, Weirdness & Mutations

You have sharp fingernails.
You are mostly covered in slimy green scales. (AC +3)
You sometimes gain a little power by taking damage.


Message History

The sky beast hits you. The sky beast shocks you.
You claw the sky beast!
The sky beast is severely wounded.
You feel sick.
You are no longer poisoned.
The sky beast hits you.
* * * LOW HITPOINT WARNING * * *
The sky beast shocks you.
* * * LOW HITPOINT WARNING * * *
You can now pass through a line of other dancers.
Aiming: Line Pass
Press: ? - help, Dir - move target cursor The sky beast appears confused.
You feel somewhat more hungry.
You can no longer pass through a line of other dancers.
The sky beast flickers out of sight!
Deactivating autopickup; reactivate with Ctrl-A.
Something hits you.
* * * LOW HITPOINT WARNING * * *
Something shocks you.
You die...

##### ######### #... ........#
###.# ........# ##...# ........#
#....# ........# ##.#{.##
.^......####..#.@.#
.(...........###....#
..........#### ###..#
..........# ...% ........#..#
..........##.
........#.....#####......(...#..
#......####.......#.##..........
..#†....# ##..|..#.###.......#
#...###(# #....... ......#


There were no monsters in sight!

Vanquished Creatures
  Grinder (D:3)
  Sigmund (D:2)
  The ghost of HooHaw the Chopper, an amateur DsGl (D:3)
  A centaur (D:5)
  A bullfrog (D:5)
  9 scorpions
  3 human zombies (Ossuary)
  A hound (D:4)
  A quasit (D:4)
  3 orc wizards
  2 iguanas (D:5)
  A hound zombie (D:4)
  A hound skeleton (D:4)
  2 mummies (Ossuary)
  A gnoll (D:1)
  6 scorpion zombies (Ossuary)
  8 adders
  5 river rats (D:4)
  An ooze (D:4)
  A worm zombie (D:4)
  An adder skeleton (D:4)
  A worm (D:2)
  A dart slug (D:2)
  4 leopard geckos
  13 orcs
  13 bats
  2 giant cockroaches (D:2)
  A gnoll zombie (Ossuary)
  8 goblins
  5 hobgoblins
  6 jackals
  2 ball pythons
  3 frilled lizards
  A hobgoblin zombie (Ossuary)
  6 kobolds
  2 kobold zombies (Ossuary)
  2 orc zombies (Ossuary)
  21 rats
142 creatures vanquished.

Vanquished Creatures (others)
  A mummy (Ossuary)
  A kobold zombie (Ossuary)
2 creatures vanquished.

Grand Total: 144 creatures vanquished

Notes
Turn   | Place    | Note
-------+----------+-------------------------------------------
     0 | D:1      | FencedIn the Demonspawn Gladiator began the quest for the Orb.
     0 | D:1      | Reached XP level 1. HP: 16/16 MP: 1/1
    98 | D:1      | Gained mutation: You sometimes gain a little power by taking damage. [demonic ancestry]
    98 | D:1      | Reached XP level 2. HP: 21/22 MP: 2/2
   474 | D:1      | Gained mutation: You have sharp fingernails. [demonic ancestry]
   474 | D:1      | Reached XP level 3. HP: 23/27 MP: 3/3
   930 | D:1      | Reached skill level 1 in Unarmed Combat
  1194 | D:2      | Found a hide-covered altar of Uskayaw.
  1198 | D:2      | Found a shadowy altar of Dithmenos.
  1203 | D:2      | Found a snail-covered altar of Cheibriados.
  1206 | D:2      | Found a hazy altar of Hepliaklqana.
  1207 | D:2      | Found a sparkling altar of Nemelex Xobeh.
  1224 | D:2      | Became a worshipper of Uskayaw the Reveler
  1257 | D:2      | Reached * piety under Uskayaw
  1329 | D:2      | Reached skill level 2 in Unarmed Combat
  1374 | D:2      | Noticed Sigmund
  1383 | D:2      | Reached ** piety under Uskayaw
  1384 | D:2      | Killed Sigmund
  1384 | D:2      | Reached skill level 4 in Unarmed Combat
  1384 | D:2      | Reached XP level 4. HP: 24/33 MP: 4/4
  1384 | D:2      | Gained mutation: You are partially covered in slimy green scales. (AC +2) [demonic ancestry]
  1384 | D:2      | Reached XP level 5. HP: 28/38 MP: 5/5
  1395 | D:2      | Found a glowing golden altar of the Shining One.
  2000 | D:3      | Gained mutation: You are mostly covered in slimy green scales. (AC +3) [demonic ancestry]
  2000 | D:3      | Reached XP level 6. HP: 36/44 MP: 6/6
  2220 | D:3      | Noticed Grinder
  2232 | D:3      | Killed Grinder
  2232 | D:3      | Reached skill level 5 in Unarmed Combat
  2300 | D:3      | Found a radiant altar of Vehumet.
  2366 | D:3      | Noticed HooHaw's ghost (amateur DsGl)
  2380 | D:3      | Killed HooHaw's ghost
  2380 | D:3      | Reached skill level 6 in Unarmed Combat
  2380 | D:3      | Reached XP level 7. HP: 29/50 MP: 2/7
  3001 | D:4      | Reached skill level 1 in Invocations
  3154 | D:4      | Reached *** piety under Uskayaw
  3161 | D:4      | Reached **** piety under Uskayaw
  3363 | D:4      | Found a sand-covered staircase.
  3372 | Ossuary  | Entered an ossuary
  3983 | Ossuary  | Reached skill level 7 in Unarmed Combat
  4175 | Ossuary  | Reached XP level 8. HP: 52/56 MP: 11/11
  4445 | Ossuary  | Reached skill level 5 in Invocations
  4744 | D:4      | Found a staircase to the Ecumenical Temple.
  4871 | D:5      | Entered Level 5 of the Dungeon
  4897 | D:5      | HP: 2/56 [quasit (1)]
  4903 | D:4      | HP: 2/56 [scorpion (1)]
  5333 | D:5      | Reached skill level 8 in Unarmed Combat
  5452 | D:5      | Slain by a sky beast

Vault maps used:
D:1:      dpeg_arrival_water_temple_mockup
D:2:      minitemple, tso_oasis_becter, uniq_sigmund
D:3:      fiery_altar_vehumet, uniq_grinder
D:4:      minmay_temple_entry_statues_pillars, first_bread, enter_ossuary_3,
          minmay_item_behind_shaft, minmay_misc_feat_x, dk_rats_in_the_wall
D:5:      bloody_makhleb
Ossuary:  ossuary_minmay_scorpions

Skill      XL: |  1  2  3  4  5  6  7  8 |
---------------+-------------------------+-----
Axes           | 3 |  3.5
Throwing       | 2 |  2.1
Unarmed Combat | 4 6 7 8 |  8.2
Invocations    | 4 7 |  7.2
Fighting       | |  2.0
Dodging        | |  2.6

Action                   |  1- 3 |  4- 6 |  7- 9 || total
-------------------------+-------+-------+-------++-------
Melee: War axe           |   108 |       |       ||   108
       Unarmed           |     5 |   104 |   335 ||   444
       Punch             |       |       |    12 ||    12
Throw: Stone             |     2 |       |       ||     2
       Tomahawk          |    10 |     2 |       ||    12
       Throwing net      |     1 |       |       ||     1
Invok: Line Pass         |       |     2 |     9 ||    11
       Stomp             |       |       |     4 ||     4
  Use: Potion            |     2 |       |     3 ||     5
       Scroll            |       |       |    12 ||    12
 Stab: Sleeping          |     1 |       |       ||     1
       Confused          |       |     1 |     3 ||     4
       Paralysed         |       |       |     8 ||     8
  Eat: Chunk             |     2 |     3 |     6 ||    11
       Fruit             |       |       |     4 ||     4
       Bread ration      |       |       |     1 ||     1
Armor: Leather armour    |    32 |       |       ||    32
       Scale mail        |     6 |    58 |   133 ||   197
Dodge: Dodged            |    96 |    36 |   147 ||   279
